 Dungeon Crawl Stone Soup version 0.31-a0-489-g282fc92437 (webtiles) character file.

Game seed: 1206035405347983684

459 Ethylacetat the Ducker (level 7, -2/47 HPs)
             Began as an Octopode Gladiator on Aug 8, 2023.
             Engulfed by a tengu's steam (3 damage)
             ... on level 4 of the Dungeon.
             The game lasted 00:05:59 (2916 turns).

Ethylacetat the Ducker (Octopode Gladiator)         Turns: 2916, Time: 00:06:01

Health: -2/47      AC:  1    Str: 11 (13) XL:     7   Next: 6%
Magic:  7/7        EV: 14    Int:  7 (10) God:
Gold:   162        SH:  0    Dex: 14 (16) Spells: 6/6 levels left

rFire   . . .        p - +4 dagger (venom)
rCold   + . .        (no shield)
rNeg    . . .        b - melded +0 hat
rPois   +            (no amulet)
rElec   .            k - ring of protection from cold
rCorr   .            C - ring of poison resistance
SInv    .            (no ring)
Will    .....        (no ring)
Stlth   ++++         (no ring)
HPRegen 0.27/turn    (no ring)
MPRegen 0.10/turn    (no ring)
                     (no ring)

%: no passive effects
@: beast-form, hasted, very quick
A: beast (slay +2), almost no armour, amphibious, 8 rings, camouflage 1,
gelatinous body 1, (nimble swimmer 1), tentacles
a: Begin Untransformation


You were on level 4 of the Dungeon.
You were a hulking beast.
You visited 1 branch of the dungeon, and saw 4 of its levels.

You collected 162 gold pieces.

Inventory:

Hand Weapons
 a - a +0 rapier
 p - a +4 dagger of venom (weapon)
Missiles
 c - 2 throwing nets (quivered)
 d - 3 javelins
 o - 3 curare-tipped darts
Armour
 b - a +0 hat (melded)
Jewellery
 k - a ring of protection from cold (left tentacle)
 C - a ring of poison resistance (right tentacle)
Talismans
 e - a beast talisman (active)
 t - a serpent talisman
Wands
 x - a wand of flame (20)
 A - a wand of polymorph (5)
 D - a wand of roots (9)
Scrolls
 f - a scroll of fear {unknown}
 g - a scroll of revelation {unknown}
 i - 2 scrolls of enchant weapon {unknown}
 j - a scroll of blinking {unknown}
 m - a scroll of enchant armour {unknown}
 q - a scroll of fog {unknown}
 r - 3 scrolls of vulnerability {unknown}
 s - a scroll of brand weapon {unknown}
 u - 3 scrolls of identify {unknown}
 v - a scroll of poison {unknown}
 w - a scroll of immolation {unknown}
 y - a scroll of amnesia {unknown}
Potions
 h - a potion of degeneration
 l - 3 potions of haste
 n - a potion of might {unknown}
 z - a potion of curing {unknown}
 B - a potion of lignification {unknown}


   Skills:
 + Level 3.7 Fighting
 - Level 3.0 Short Blades
 - Level 2.0 Throwing
 + Level 4.3 Dodging
 + Level 4.2 Stealth
 * Level 3.4 Shapeshifting


You had 6 spell levels left.
You didn't know any spells.
Your spell library contained the following spells:

 Spells                   Type           Power      Damage    Failure   Level
 Sandblast                Erth           0%         2d4       43%         1
 Cigotuvi's Dreadful Rot  Necr/Pois/Air  0%         N/A       56%         2
 Passwall                 Tmut/Erth      0%         N/A       56%         2
 Dazzling Flash           Conj/Hex       0%         N/A       80%         3
 Ignite Poison            Fire/Tmut/Pois 0%         N/A       80%         3
 Stone Arrow              Conj/Erth      0%         3d7       80%         3
 Sticky Flame             Conj/Fire      0%         2d3       99%         4
 Agony                    Necr           0%         N/A       100%        5
 Freezing Cloud           Conj/Ice/Air   0%         6-21      100%        5
 Silence                  Hex/Air        0%         N/A       100%        5
 Ignition                 Fire           0%         3d3       100%        8
 Lehudib's Crystal Spear  Conj/Erth      0%         10d2      100%        8
 Animate Armour           Summ/Erth      Unusable   N/A       N/A         4

Dungeon Overview and Level Annotations

Branches:
Dungeon (4/15)
 Temple: D:4-7

Altars:

Shops:
D:4 *


Innate Abilities, Weirdness & Mutations

You are a hulking beast.
Your limbs bulge with bestial killing power. (Slay +2)
You cannot wear most types of armour.
You are amphibious.
You can wear up to eight rings at the same time.
Your skin changes colour to match your surroundings (Stealth+).
Your rubbery body absorbs attacks. (AC +1, EV +1)
((You are camouflaged when in or above water. (Stealth+)))
You have tentacles for arms and can constrict up to eight enemies at once.


Message History

An orc comes into view. It is wielding a +0 hand axe.
The orc shouts!
You hear a shout!
A steam dragon comes into view.
There are monsters nearby!
You hit the orc.
The orc is poisoned.
You grab the orc. You squeeze the orc.
The orc is heavily wounded.
You constrict the orc. The orc hits you with a +0 hand axe.
Unknown command.
It was a potion of haste.
You feel yourself speed up.
You constrict the orc.
You kill the orc!
A kobold comes into view. It is wielding a +0 short sword.
The steam dragon breathes steam at you. The ball of steam hits you!!
Ouch! That really hurt!
The kobold shouts!
Okay, then.
Aiming: Polymorph
Press: ? - help, Shift-Dir - straight line, f - steam dragon
Aim: a steam dragon (steam, catching its breath, will become an acid dragon, a bat, or a fire bat, chance to affect: 49%)
The steam dragon evaporates and reforms as a fire bat!
You are engulfed in a cloud of scalding steam.
* * * LOW HITPOINT WARNING * * *
The fire bat bites you but does no damage.
Okay, then.
It was a potion of degeneration.
There was something very wrong with that liquid.
You feel weakened.
You feel dopey.
You feel clumsy.
You are engulfed in a cloud of scalding steam.
* * * LOW HITPOINT WARNING * * *
The kobold throws a stone.
The stone hits you.
* * * LOW HITPOINT WARNING * * *
The fire bat misses you.
Okay, then.
Okay, then.
Aiming: Polymorph
Press: ? - help, Shift-Dir - straight line, f/p - fire bat
Aim: a fire bat (steam, will become a rime drake, a tengu, or a steam dragon, chance to affect: 57%)
The fire bat evaporates and reforms as a tengu!
You are engulfed in a cloud of scalding steam.
You die...

##.......###.#########
#........>....#
#...#)#..####.## #..
#.##.......# #.
###..#.#...# # #.§##.#
..# ##§§### ..# # #
##Q.# .## #...#.#§h##
#......§## ##..).#K.#
####....D. ###.....#
#######


You could see a tengu and a kobold.

Vanquished Creatures
  Duvessa (D:4)
  Dowan (D:4)
  3 electric eels (D:3)
  2 orc wizards (D:4)
  7 adders
  2 worms
  3 dart slugs
  7 orcs (D:4)
  4 endoplasms
  2 giant cockroaches
  4 goblins
  3 hobgoblins (D:3)
  3 kobolds
  2 quokkas
  7 ball pythons
  4 bats
  2 frilled lizards
  4 rats
61 creatures vanquished.

Notes
Turn   | Place    | Note
-------+----------+-------------------------------------------
     0 | D:1      | Ethylacetat the Octopode Gladiator began the quest for the
                  | Orb.
     0 | D:1      | Reached XP level 1. HP: 14/14 MP: 1/1
   101 | D:1      | Reached XP level 2. HP: 19/19 MP: 2/2
   202 | D:1      | Reached skill level 1 in Stealth
   202 | D:1      | Found a faded altar of an unknown god.
   878 | D:2      | Reached skill level 1 in Shapeshifting
   955 | D:2      | Reached XP level 3. HP: 25/25 MP: 3/3
  1558 | D:3      | Reached XP level 4. HP: 20/30 MP: 4/4
  1606 | D:3      | Found a transporter.
  1644 | D:3      | Found a transporter.
  1747 | D:3      | Reached XP level 5. HP: 17/36 MP: 5/5
  2333 | D:4      | Reached XP level 6. HP: 36/42 MP: 6/6
  2521 | D:4      | Noticed Dowan
  2529 | D:4      | Killed Dowan
  2704 | D:4      | Noticed Duvessa
  2721 | D:4      | Killed Duvessa
  2722 | D:4      | Reached XP level 7. HP: 47/47 MP: 7/7
  2833 | D:4      | Found Zeak's Assorted Antiques.
  2910 | D:4      | Noticed a steam dragon
  2914 | D:4      | a steam dragon changed into a fire bat
  2914 | D:4      | Noticed a fire bat
  2915 | D:4      | HP: 2/47 [fire bat] (8)]
  2916 | D:4      | a fire bat changed into a tengu
  2916 | D:4      | Engulfed by a tengu's steam

Illustrated notes

Levels and vault maps discovered:
D:1:      ldierk_walled_garden_2, layout_basic,
          shapermc_ecumenical_altar_mp_ritualfount, serial_bayou_ford_a
D:2:      layout_basic, chequers_mini_garden
D:3:      gammafunk_steamed_eel, layout_loops_cross
D:4:      layout_loops_ring, serial_shops, nicolae_shop_real_fake_doors,
          minmay_between, uniq_duvessa

Skill      XL: |  1  2  3  4  5  6 |
---------------+-------------------+-----
Stealth        | 1 2 3 4 |  4.2
Shapeshifting  | 1 2 3 |  3.4
Fighting       | 3 |  3.7
Dodging        | 4 |  4.3
Short Blades   | |  3.0
Throwing       | |  2.0

Action                     |  1- 3 |  4- 6 |  7- 9 || total
---------------------------+-------+-------+-------++-------
  Melee: Rapier            |    28 |       |       ||    28
         Constrict         |    10 |    13 |     1 ||    24
         Tentacles         |     6 |    11 |     1 ||    18
         Dagger            |    21 |    50 |     5 ||    76
         Punch             |     1 |       |       ||     1
  Throw: Dart              |       |     3 |       ||     3
         Javelin           |       |     1 |       ||     1
         Throwing net      |       |     1 |       ||     1
  Evoke: Wand              |       |     4 |     2 ||     6
    Use: Potion            |       |       |     2 ||     2
   Stab: Sleeping          |    10 |     6 |     2 ||    18
         Held in net/web   |       |     1 |       ||     1
 Armour: Skin              |     5 |     1 |     1 ||     7
  Dodge: Dodged            |    27 |    14 |     1 ||    42
   Form: Beast             |     1 |       |       ||     1

Table legend: (Time is in decaauts)
 A = Elapsed time spent in this place.
 B = Non-inter-level travel time spent in this place.
 C = Inter-level travel time spent in this place.
 D = Time resting spent in this place.
 E = Time spent auto-exploring this place.
 F = Levels seen in this place.
 G = Mean time per level.
                   A        B        C        D        E       F      G
               +--------+--------+--------+--------+--------+-----+--------+
         Total |   2903 |   2820 |     83 |    226 |   2156 |   4 |  725.8 |
       Dungeon |   2903 |   2820 |     83 |    226 |   2156 |   4 |  725.8 |
               +--------+--------+--------+--------+--------+-----+--------+

Top non-repeatable levels by time:
     D:3: 912 daAuts
     D:2: 722 daAuts
     D:1: 686 daAuts
     D:4: 581 daAuts
